 Dungeon Crawl Stone Soup version 0.23.2-1-ga50397a (webtiles) character file.

Game seed: 13003311437479222939

64 Fortress the Stinger (level 4, 0/36 HPs)
             Began as a Naga Venom Mage on June 2, 2019.
             Slain by Purgy (7 damage)
             ... on level 3 of the Dungeon.
             The game lasted 00:07:34 (1886 turns).

Fortress the Stinger (Naga Venom Mage)              Turns: 1886, Time: 00:07:35

Health: 0/36       AC:  2    Str: 10    XL:     4   Next: 12%
Magic:  1/7        EV: 10    Int: 16    God:
Gold:   51         SH:  0    Dex: 12    Spells: 7/8 levels left

rFire    . . .     SeeInvis +   h - +0 dagger
rCold    . . .     Gourm    .   (no shield)
rNeg     . . .     Faith    .   a - +0 robe
rPois    +         Spirit   .   (no helmet)
rElec    .         Reflect  .   (no cloak)
rCorr    .         Harm     .   (no gloves)
MR       .....                  (no barding)
Stlth    ++........             (no amulet)
HPRegen  0.12/turn              (no ring)
MPRegen  0.10/turn              (no ring)

@: very slow
A: large, see invisible, deformed body, poison resistance, slowness 2, slow
metabolism 1, spit poison 1, AC +1
a: Spit Poison


You were on level 3 of the Dungeon.
You were hungry.

You visited 1 branch of the dungeon, and saw 3 of its levels.

You collected 51 gold pieces.

Inventory:

Hand Weapons
 f - a +0 club
 g - a +0 hand axe
 h - a +0 dagger (weapon)
 i - a +3 whip of venom
Missiles
 b - 18 arrows
 l - 12 poisoned needles
Armour
 a - a +0 robe (worn)
Scrolls
 j - 3 scrolls of identify {unknown}
 n - 3 scrolls of teleportation {unknown}
Potions
 d - a potion of haste {unknown}
 e - 2 potions of cancellation {unknown}
 k - a potion of degeneration {unknown}
 m - a potion of lignification {unknown}
 o - a potion of brilliance {unknown}
Comestibles
 c - 6 rations


   Skills:
 - Level 1.5 Dodging
 + Level 3.6 Stealth
 + Level 2.6 Spellcasting
 + Level 1.7 Conjurations
 + Level 5.2 Poison Magic


You had 7 spell levels left.
You knew the following spells:

 Your Spells              Type           Power        Failure   Level  Hunger
a - Sting                 Conj/Pois      ##..         4%          1    #......

Your spell library contained the following spells:

 Spells                   Type           Power        Failure   Level  Hunger
 Poisonous Vapours        Pois/Air       ##....       10%         2    ##.....
 Mephitic Cloud           Conj/Pois/Air  #.......     22%         3    ###....
 Olgreb's Toxic Radiance  Pois           ###.....     22%         4    #####..
 Venom Bolt               Conj/Pois      ##........   78%         5    ######.


Dungeon Overview and Level Annotations

Branches:
Dungeon (3/15)

Altars:

Annotations:
D:3 Purgy


Innate Abilities, Weirdness & Mutations

You cannot wear boots.
Your serpentine skin is tough. (AC +1)
You have supernaturally acute eyesight. (SInv)
Armour fits poorly on your strangely shaped body.
Your system is resistant to poisons. (rPois)
You cover ground very slowly.
You have a slow metabolism.
You can spit poison.


Message History

Aiming: Sting (safe; 4% risk of failure)
Press: ? - help, Shift-Dir - straight line, f/p - Purgy
Aim: Purgy (heavily wounded, poisoned)
The sting hits Purgy.
Purgy is severely wounded.
Purgy bites you. Purgy claws you. x2
You hit Purgy.
Purgy is severely wounded.
Purgy barely misses you. Purgy claws you. Purgy closely misses you.
You hit Purgy.
Purgy is almost dead.
Purgy bites you.
* * * LOW HITPOINT WARNING * * *
Purgy claws you.
* * * LOW HITPOINT WARNING * * *
Purgy claws you but does no damage.
You hit Purgy but do no damage.
Purgy is almost dead.
Purgy bites you!
You die...

.. ##. ###
...#
#......#
##.#. ..#
#. ... ...
#. #T##.#
#. #@...#
#. #....#
#.##....#
#.......#
#..รท....#
##<##.#.#
#.# .#.#
#.# .... #
... ...##
#.##


You could see Purgy.

Vanquished Creatures
  3 adders (D:2)
  A worm (D:2)
  2 orcs (D:2)
  2 bats (D:1)
  A giant cockroach (D:1)
  11 goblins
  4 hobgoblins (D:2)
  3 kobolds
  3 rats
30 creatures vanquished.

Notes
Turn   | Place    | Note
-------+----------+-------------------------------------------
     0 | D:1      | Fortress the Naga Venom Mage began the quest for the Orb.
     0 | D:1      | Reached XP level 1. HP: 15/15 MP: 3/3
   211 | D:1      | Reached XP level 2. HP: 22/22 MP: 1/5
   776 | D:2      | Reached XP level 3. HP: 25/28 MP: 3/6
   971 | D:2      | Reached skill level 5 in Poison Magic
  1372 | D:2      | Reached XP level 4. HP: 20/36 MP: 1/7
  1705 | D:2      | Found a faded altar of an unknown god.
  1870 | D:3      | Noticed Purgy
  1886 | D:3      | Slain by Purgy

Skill      XL: |  1  2  3 |
---------------+----------+-----
Poison Magic   | 5 |  5.2
Dodging        | |  1.5
Stealth        | |  3.6
Spellcasting   | |  2.6
Conjurations   | |  1.7

Action                   |  1- 3 |  4- 6 || total
-------------------------+-------+-------++-------
Melee: Unarmed           |     3 |       ||     3
       Dagger            |    36 |    10 ||    46
 Cast: Sting             |    39 |    15 ||    54
 Stab: Sleeping          |     1 |       ||     1
  Eat: Chunk             |       |     2 ||     2
Armor: Robe              |     5 |     6 ||    11
Dodge: Dodged            |    22 |    12 ||    34
